 Dungeon Crawl Stone Soup version 0.29.1-1-gd02db6906a (webtiles) character file.

Game seed: 17150399516447119655

56 jlucas the Chopper (level 3, -3/31 HPs)
             Began as a Minotaur Berserker on Sept 23, 2022.
             Was a Believer of Trog.
             Killed from afar by Sigmund (9 damage)
             ... with a magic dart
             ... on level 2 of the Dungeon.
             The game lasted 00:14:49 (1628 turns).

jlucas the Chopper (Minotaur Berserker)             Turns: 1628, Time: 00:14:50

Health: -3/31      AC:  5    Str: 23    XL:     3   Next: 71%
Magic:  2/2        EV: 11    Int:  4    God:    Trog [**....]
Gold:   53         SH:  0    Dex:  9    Spells: 2/2 levels left

rFire   . . .      SeeInvis .   a - +0 hand axe
rCold   . . .      Faith    .   (no shield)
rNeg    . . .      Spirit   .   h - +0 ring mail
rPois   .          Reflect  .   (helmet restricted)
rElec   .          Harm     .   (no cloak)
rCorr   .          Rampage  .   (no gloves)
Will    .....                   (no boots)
Stlth   ..........              (no amulet)
HPRegen 0.10/turn               (no ring)
MPRegen 0.08/turn               (no ring)

@: confused
A: horns 2, retaliatory headbutt
a: Renounce Religion, Berserk, Trog's Hand


You were on level 2 of the Dungeon.
You worshipped Trog.
Trog was pleased with you.
You visited 1 branch of the dungeon, and saw 2 of its levels.

You collected 53 gold pieces.

Inventory:

Hand Weapons
 a - a +0 hand axe (weapon)
Armour
 b - a +0 animal skin
 h - a +0 ring mail (worn)
Wands
 l - a wand of light (7)
Scrolls
 d - a scroll of blinking {unknown}
 e - 2 scrolls of identify {unknown}
 g - a scroll of noise {unknown}
 k - a scroll of enchant weapon {unknown}
Potions
 c - a potion of degeneration {unknown}
 f - a potion of magic {unknown}
 i - 2 potions of cancellation {unknown}
 j - a potion of flight {unknown}
 m - a potion of lignification {unknown}
 n - a potion of haste {unknown}


   Skills:
 - Level 3.6 Fighting
 + Level 5.7 Axes
 - Level 2.4 Armour
 - Level 2.1 Dodging


You had 2 spell levels left.
You didn't know any spells.
Your spell library was empty.

Dungeon Overview and Level Annotations

Branches:
Dungeon (2/15)

Altars:

Shops:
D:2 [

Annotations:
D:2 Sigmund


Innate Abilities, Weirdness & Mutations

You have a pair of horns on your head.
You reflexively headbutt those who attack you in melee.


Message History

Unknown command.
Sigmund gestures wildly while chanting.
Sigmund flickers and vanishes!
Deactivating autopickup; reactivate with Ctrl-A.
You hear some strange, mumbled words.
Something tries to affect you, but you resist.
Something hits you but does no damage.
You hit something. You headbutt something. You hit something.
Something hits you.
You miss something.
You hear some strange, mumbled words.
You are confused.
You closely miss something. Your headbutt misses something. Something hits you.
You completely miss something.
You are too confused!
You are too confused!
You are too confused!
You miss something. Something hits you but does no damage.
You bump into the rock wall.
Something hits you!
You completely miss something. You hit something but do no damage.
You feel less confused. Something completely misses you.
You miss something. Your headbutt misses something.
A hobgoblin comes into view.
Something hits you.
The hobgoblin shouts!
You hear some strange, mumbled words.
You are confused.
You hear some strange, mumbled words.
Something tries to affect you, but you resist.
You bump into the rock wall.
You hear some strange, mumbled words.
Something tries to affect you, but you resist.
You bump into the rock wall.
Something hits you!
* * * LOW HITPOINT WARNING * * *
You bump into the rock wall.
A magic dart appears from out of thin air!
The magic dart hits you!
You die...

.......................#
...####...##...........#
#### #....# #.##..#
##.#..###.##.##
#####..##...# ##.#
......###.#....#g#
...#### #.###..#{#
##.######.# ##.#
...<.....†## #@#
#.#####.#..#####.#
#.#####.#..>..##.#
#....##.#.###....#
......[..[.............(
#######...######.##.....
##..# #.# .... #... #.#
... #..# #.# ..


You could see a hobgoblin.

Vanquished Creatures
  An adder (D:2)
  A dart slug (D:2)
  5 endoplasms
  3 giant cockroaches
  4 goblins (D:1)
  6 hobgoblins
  2 jackals (D:1)
  6 ball pythons
  3 bats
  A frilled lizard (D:1)
  5 kobolds
  5 rats
42 creatures vanquished.

Notes
Turn   | Place    | Note
-------+----------+-------------------------------------------
     0 | D:1      | jlucas the Minotaur Berserker began the quest for the Orb.
     0 | D:1      | Reached XP level 1. HP: 19/19 MP: 0/0
   101 | D:1      | Reached skill level 4 in Axes
   184 | D:1      | Reached XP level 2. HP: 22/26 MP: 1/1
   325 | D:1      | Found a faded altar of an unknown god.
   685 | D:1      | Reached ** piety under Trog
   686 | D:1      | Reached skill level 5 in Axes
  1109 | D:1      | Reached XP level 3. HP: 31/31 MP: 2/2
  1335 | D:2      | Found Pelos's Antique Armour Shoppe.
  1599 | D:2      | Noticed Sigmund
  1628 | D:2      | Killed from afar by Sigmund

Illustrated notes

Levels and vault maps discovered:
D:1:      roderic_octagonal_star, layout_basic,
          shapermc_ecumenical_altar_mp_vishouse
D:2:      layout_rooms, serial_shops, nicolae_diamond_shop, due_unseen_surprise,
          uniq_sigmund, uniq_natasha

Skill      XL: |  1  2 |
---------------+-------+-----
Axes           | 4 5 |  5.7
Fighting       | |  3.6
Armour         | |  2.4
Dodging        | |  2.1

Action                   || total
-------------------------++-------
Melee: Hand axe          ||    92
       Headbutt          ||    12
       Punch             ||     1
Armor: Animal skin       ||     4
       Ring mail         ||    20
Dodge: Dodged            ||    54
